 Dungeon Crawl Stone Soup version 0.27-a0-941-g386ccf399c (webtiles) character file.

Game seed: 1880000820970562491

34572 vdksvk the Geomancer (level 13, -7/79 HPs)
             Began as a Gargoyle Earth Elementalist on Apr 11, 2021.
             Was a High Priest of Vehumet.
             Shot with an arrow by a centaur warrior (18 damage)
             ... on level 14 of the Dungeon.
             The game lasted 00:42:41 (17360 turns).

vdksvk the Geomancer (Gargoyle Earth Elementalist) Turns: 17360, Time: 00:42:42

Health: -7/79      AC: 22    Str: 16    XL:     13   Next: 78%
Magic:  0/25       EV: 18    Int: 20    God:    Vehumet [*****.]
Gold:   1083       SH:  0    Dex: 10    Spells: 3/29 levels left

rFire    . . .     SeeInvis .   q - +5 whip (elec)
rCold    . . .     Faith    .   (no shield)
rNeg     + . .     Spirit   .   a - +2 robe {Archmagi}
rPois    ∞         Reflect  .   I - +2 hat
rElec    +         Harm     .   y - +2 cloak
rCorr    .         Rampage  .   g - +1 pair of gloves {Str+3}
Will     +....                  j - +0 pair of boots
Stlth    ++........             k - amulet of magic regeneration
HPRegen  0.23/turn              D - ring of willpower
MPRegen  0.44/turn              G - +4 ring of evasion

@: very slightly contaminated
A: AC +9, negative energy resistance 1, electricity resistance, torment
resistance 1, unbreathing 1, petrification resistance
a: Renounce Religion


You were on level 14 of the Dungeon.
You worshipped Vehumet.
Vehumet was extremely pleased with you.
You visited 2 branches of the dungeon, and saw 15 of its levels.

You collected 1131 gold pieces.
You spent 48 gold pieces at shops.

Inventory:

Hand Weapons
 q - a +5 whip of electrocution (weapon)
 r - a +1 flail of holy wrath
 K - a +1 vorpal dire flail
 L - a +3 flail
Missiles
 b - 221 stones
 n - 3 boomerangs of dispersal
 p - 2 throwing nets
 w - 2 curare-tipped darts
Armour
 a - a +2 robe of the Archmagi (worn)
 g - a +1 pair of gloves of strength (worn)
 h - a scarf of invisibility
 j - a +0 pair of boots (worn)
 y - a +2 cloak (worn)
 I - a +2 hat (worn)
Magical Staves
 d - a staff of fire
 E - a staff of cold
Jewellery
 k - an amulet of magic regeneration (around neck)
 D - a ring of willpower (left hand)
 G - a +4 ring of evasion (right hand)
 P - a ring of flight
Wands
 c - a wand of paralysis (5)
 s - a wand of iceblast (3)
 x - a wand of random effects (30)
 O - a wand of acid (8)
Scrolls
 i - a scroll of summoning
 l - a scroll of teleportation
 u - a scroll of fear
 v - 2 scrolls of magic mapping
 A - 2 scrolls of amnesia
 H - a scroll of blinking
Potions
 e - 3 potions of lignification
 f - a potion of attraction
 m - 2 potions of magic
 o - 8 potions of curing
 t - 2 potions of heal wounds
 z - a potion of invisibility
 B - a potion of cancellation
 C - 2 potions of resistance
 F - a potion of mutation {unknown}
 J - a potion of flight {unknown}
 M - 2 potions of haste {unknown}
 N - a potion of berserk rage {unknown}


   Skills:
 + Level 8.5 Fighting
 + Level 7.7 Maces & Flails
 - Level 6.0 Armour
 + Level 6.7 Dodging
 - Level 2.1 Stealth
 + Level 8.8 Spellcasting
 + Level 9.7 Conjurations
 - Level 0.7 Transmutations
 * Level 5.8 Fire Magic
 + Level 11.3 Earth Magic
 + Level 7.0 Evocations


You had 3 spell levels left.
You knew the following spells:

 Your Spells              Type           Power      Damage    Failure   Level
a - Sandblast             Erth           100%       2d20      1%          1
b - Stone Arrow           Conj/Erth      100%       3d13      1%          3
c - Lee's Rapid Deconstr  Erth           34%        3d18*     1%          5
d - Iron Shot             Conj/Erth      33%        9d7       4%          6
e - Bolt of Magma         Conj/Fire/Erth 30%        4d14      1%          5
f - Apportation           Tloc           26%        N/A       8%          1
g - Fireball              Conj/Fire      28%        3d12      2%          5

Your spell library contained the following spells:

 Spells                   Type           Power      Damage    Failure   Level
 Yara's Violent Unravell  Hex/Tmut       7%         3d5       41%         5
 Magic Dart               Conj           100%       1d8       1%          1
 Passwall                 Tmut/Erth      40%        N/A       1%          2
 Conjure Flame            Conj/Fire      56%        6-21      1%          3
 Mephitic Cloud           Conj/Pois/Air  32%        N/A       1%          3
 Animate Skeleton         Necr           26%        N/A       8%          1
 Corona                   Hex            14%        N/A       8%          1
 Summon Small Mammal      Summ           52%        N/A       8%          1
 Blink                    Tloc           N/A        N/A       12%         2
 Call Imp                 Summ           13%        N/A       12%         2
 Slow                     Hex            13%        N/A       12%         2
 Petrify                  Tmut/Erth      49%        N/A       7%          4
 Animate Armour           Summ/Erth      94%        N/A       8%          4
 Leda's Liquefaction      Hex/Erth       23%        N/A       8%          4
 Shatter                  Erth           34%        3d28*     100%        9
 Statue Form              Tmut/Erth      Unusable   N/A       N/A         6

Dungeon Overview and Level Annotations

Branches:
Dungeon (14/15)            Temple (1/1) D:4            Lair (0/6) D:11
    Orc (0/2) D:10         Vaults (0/5) D:13

Altars:
Ashenzari
Cheibriados
Dithmenos
Elyvilon
Fedhas
Gozag
Hepliaklqana
Kikubaaqudgha
Makhleb
Nemelex Xobeh
Okawaru
Qazlal
Ru
Sif Muna
Trog
Uskayaw
Vehumet
Wu Jian
Xom
Yredelemnul
Zin
The Shining One

Shops:
D:1 ?   D:10 [(   D:12 *   D:13 [

Annotations:
D:14 Josephine


Innate Abilities, Weirdness & Mutations

Your stone body is resilient. (AC +9)
You are immune to poison.
You resist negative energy. (rN+)
You are resistant to electric shocks. (rElec)
You are resistant to unholy torment.
You can survive without breathing.
You are immune to petrification.


Message History

Confirm with . or Enter, or press ? or * to list all spells.
Aiming: Fireball (dangerous; 2% risk of failure)
Press: ? - help, Shift-Dir - straight line You feel a surge of power!
The fireball explodes!
The fireball engulfs the centaur warrior!!
The centaur warrior is severely wounded.
The fireball engulfs the centaur warrior.
The centaur warrior is heavily wounded.
The centaur warrior shoots an arrow.
The arrow hits you!
* * * LOW HITPOINT WARNING * * *
The centaur warrior shoots an arrow.
The arrow misses you.
The centaur warrior shoots an arrow.
The arrow barely misses you.
Unknown command.
Unknown command.
Casting: Fireball (dangerous; 2% risk of failure)
Confirm with . or Enter, or press ? or * to list all spells.
Aiming: Fireball (dangerous; 2% risk of failure)
Press: ? - help, Shift-Dir - straight line You feel a surge of power!
The fireball explodes!
The fireball engulfs the centaur warrior!!
You kill the centaur warrior!
Vehumet accepts your kill.
You feel your power returning.
The fireball engulfs the centaur warrior!
The centaur warrior is severely wounded.
The centaur warrior shoots an arrow.
The arrow closely misses you.
Unknown command.
Unknown command.
Unknown command.
Casting: Fireball (dangerous; 2% risk of failure)
Confirm with . or Enter, or press ? or * to list all spells.
Aiming: Fireball (dangerous; 2% risk of failure)
Press: ? - help, Shift-Dir - straight line You feel a surge of power!
You miscast Fireball.
You are very lightly contaminated with residual magic.
There is a sudden and violent explosion of flames.
* * * LOW HITPOINT WARNING * * *
The centaur warrior shoots an arrow.
The arrow barely misses you.
The centaur warrior shoots an arrow.
The arrow hits you!!
You die...

#...........#≈#.#
#......######≈#.# ######
#......# ####.'.# .....#
#......# #..#.### .....#
#......# #....####### .....#
#......# #........... .....#
#......# #...........
.....#####......###...........
................@.###.........
................#.#...........
..........####................
..................†=..........
#.##......####.......)c.c.....
#.#..........#...)...)........
.......................#......
..(.######.......#..#........
#(### #.........##....#...


You could see a centaur warrior.

Vanquished Creatures
  A quicksilver dragon (shapeshifter) (D:13)
  Gastronok (D:11)
  2 boulder beetles
  A hydra (D:10)
  An ice dragon (D:14)
  3 centaur warriors (D:14)
  3 death yaks
  2 two-headed ogres (D:11)
  2 tengu warriors (D:13)
  A deep elf knight (D:6)
  An iron troll (D:13)
  2 deep elf pyromancers
  A lindwurm (D:13)
  Pikel (D:7)
  6 manticores
  3 cyclopes (D:13)
  Joseph (D:10)
  3 gargoyles
  Psyche (D:9)
  2 kobold demonologists (D:6)
  A tengu conjurer (D:14)
  A jumping spider (shapeshifter) (D:14)
  A meliai (shapeshifter) (D:13)
  2 trolls
  5 slime creatures (D:12)
  Prince Ribbit (D:7)
  2 dream sheep (D:10)
  Sigmund (D:6)
  4 water elementals (D:12)
  6 wraiths
  20 yaks
  A wyvern (D:9)
  2 basilisks
  4 vampire mosquitoes (D:10)
  Menkaure (D:6)
  An acid dragon (D:12)
  5 water moccasins
  Duvessa (D:4)
  9 orc warriors
  A black bear (D:8)
  2 ice beasts
  4 sky beasts
  5 centaurs
  5 kobold brigands
  3 bullfrogs
  3 gnoll sergeants
  2 wyvern zombies
  A water moccasin zombie (D:6)
  A water moccasin skeleton (D:6)
  Dowan (D:4)
  11 wights
  8 killer bees
  A howler monkey (D:4)
  2 bullfrog zombies
  A centaur zombie (D:9)
  3 gnoll shamans (D:3)
  3 jellies
  Crazy Yiuf (D:7)
  A hound (D:7)
  11 orc priests
  2 centaur skeletons (D:5)
  2 hell rats (D:11)
  2 iguanas (D:6)
  15 orc wizards
  A killer bee zombie (D:8)
  2 hound skeletons
  2 howler monkey zombies
  37 gnolls
  4 adders
  4 river rats (D:11)
  3 shadow imps (D:6)
  A white imp (D:6)
  An ufetubus (D:5)
  5 dart slugs
  36 orcs
  7 ball pythons
  5 bats
  11 endoplasms
  3 giant cockroaches
  5 goblins
  5 hobgoblins
  22 jackals
  9 quokkas
  17 frilled lizards
  16 kobolds
  24 rats
417 creatures vanquished.

Vanquished Creatures (collateral kills)
  A hound (D:5)
1 creature vanquished.

Vanquished Creatures (others)
  2 plants (D:6)
2 creatures vanquished.

Grand Total: 420 creatures vanquished

Notes
Turn   | Place    | Note
-------+----------+-------------------------------------------
     0 | D:1      | vdksvk the Gargoyle Earth Elementalist began the quest for
                  | the Orb.
     0 | D:1      | Reached XP level 1. HP: 10/10 MP: 3/3
   477 | D:1      | Reached skill level 4 in Earth Magic
   477 | D:1      | Reached XP level 2. HP: 15/15 MP: 5/5
   872 | D:1      | Found a faded altar of an unknown god.
   896 | D:1      | Found Cafiuxki's Magic Scroll Boutique.
   976 | D:1      | Bought a scroll of identify for 22 gold pieces
  1088 | D:1      | Reached XP level 3. HP: 17/19 MP: 6/6
  1092 | D:1      | Learned a level 3 spell: Stone Arrow
  1213 | D:1      | Learned a level 2 spell: Passwall
  1753 | D:2      | Found a sacrificial altar of Ru.
  1852 | D:2      | You fall into a shaft and drop 2 floors!
  1857 | D:4      | Reached skill level 1 in Conjurations
  1857 | D:4      | Reached XP level 4. HP: 24/24 MP: 3/8
  1896 | D:4      | Noticed Dowan
  1954 | D:3      | Reached skill level 5 in Earth Magic
  1954 | D:3      | Reached XP level 5. HP: 11/28 MP: 3/10
  3075 | D:3      | Noticed a sky beast
  3206 | D:3      | Learned a level 5 spell: Lee's Rapid Deconstruction
  3453 | D:3      | Killed a sky beast
  3454 | D:3      | Reached XP level 6. HP: 22/32 MP: 4/12
  4137 | D:3      | Reached skill level 6 in Earth Magic
  4238 | D:3      | Reached XP level 7. HP: 13/36 MP: 1/13
  5538 | D:4      | Killed Dowan
  5731 | D:4      | Learned a level 1 spell: Apportation
  5878 | D:4      | Noticed Duvessa
  5885 | D:4      | Killed Duvessa
  5886 | D:4      | Reached skill level 1 in Fighting
  5886 | D:4      | Reached skill level 1 in Maces & Flails
  5886 | D:4      | Reached skill level 1 in Armour
  5886 | D:4      | Reached skill level 7 in Earth Magic
  5886 | D:4      | Reached skill level 1 in Evocations
  5886 | D:4      | Reached XP level 8. HP: 30/43 MP: 1/15
  6026 | D:4      | Reached skill level 5 in Spellcasting
  6039 | D:4      | Found a staircase to the Ecumenical Temple.
  6050 | Temple   | Entered the Ecumenical Temple
  6914 | D:5      | Entered Level 5 of the Dungeon
  6973 | D:5      | Found a snail-covered altar of Cheibriados.
  7022 | D:5      | Noticed a yak
  7028 | D:5      | Reached skill level 5 in Conjurations
  7231 | D:5      | Killed a yak
  7415 | D:5      | Found a basalt altar of Yredelemnul.
  7874 | D:5      | Reached XP level 9. HP: 49/49 MP: 8/17
  7931 | D:6      | Found a transporter.
  7937 | D:6      | Noticed a kobold demonologist
  7937 | D:6      | Noticed a kobold demonologist
  7966 | D:6      | Found a transporter.
  7975 | D:6      | Noticed a deep elf knight
  8072 | D:6      | Noticed Sigmund
  8111 | D:6      | Killed Sigmund
  8762 | D:6      | Reached skill level 8 in Earth Magic
  8764 | D:6      | Noticed Menkaure
  8769 | D:6      | Killed Menkaure
  8830 | D:6      | Found a radiant altar of Vehumet.
  8838 | D:6      | Became a worshipper of Vehumet
  9088 | D:6      | Killed a kobold demonologist
  9108 | D:6      | Killed a kobold demonologist
  9109 | D:6      | Reached XP level 10. HP: 55/56 MP: 19/19
  9110 | D:6      | Killed a deep elf knight
  9396 | D:7      | Noticed Pikel
  9416 | D:7      | Killed Pikel
  9427 | D:7      | Reached * piety under Vehumet
  9427 | D:7      | Offered knowledge of Magic Dart by Vehumet.
  9745 | D:7      | Noticed Prince Ribbit
  9750 | D:7      | Killed Prince Ribbit
 10070 | D:7      | Found a runed translucent door.
 10071 | D:7      | Noticed Crazy Yiuf
 10075 | D:7      | Killed Crazy Yiuf
 10206 | D:8      | Reached skill level 5 in Fighting
 10261 | D:8      | Reached skill level 5 in Armour
 10261 | D:8      | Reached skill level 9 in Earth Magic
 10294 | D:8      | Found a shimmering altar of Xom.
 10313 | D:8      | Found a hide-covered altar of Uskayaw.
 10497 | D:8      | Found a blossoming altar of Fedhas.
 10737 | D:8      | Reached XP level 11. HP: 64/64 MP: 21/21
 10813 | D:9      | Noticed Psyche
 10817 | D:9      | Killed Psyche
 10817 | D:9      | Reached ** piety under Vehumet
 10817 | D:9      | Offered knowledge of Freeze by Vehumet.
 10984 | D:9      | Reached skill level 5 in Maces & Flails
 11202 | D:9      | Offered knowledge of Static Discharge by Vehumet.
 11510 | D:10     | Entered Level 10 of the Dungeon
 11513 | D:10     | Found a sparkling altar of Nemelex Xobeh.
 11724 | D:10     | Found Niehaet's Armour Boutique.
 11727 | D:10     | Reached *** piety under Vehumet
 11750 | D:10     | Found a staircase to the Orcish Mines.
 11754 | D:10     | Found Pasuh's Weapon Boutique.
 11967 | D:10     | Found a shimmering blue altar of Sif Muna.
 12040 | D:10     | Noticed Joseph
 12049 | D:10     | Killed Joseph
 12050 | D:10     | Reached skill level 5 in Evocations
 12320 | D:10     | Reached skill level 5 in Dodging
 12482 | D:10     | Offered knowledge of Ignite Poison by Vehumet.
 12519 | D:10     | Noticed a three-headed hydra
 12522 | D:10     | Killed a three-headed hydra
 12711 | D:11     | Noticed a death yak
 12713 | D:11     | Found a staircase to the Lair.
 12713 | D:11     | Noticed a death yak
 12714 | D:11     | Noticed a death yak
 12730 | D:10     | Killed a death yak
 12731 | D:10     | Reached skill level 10 in Earth Magic
 12914 | D:10     | Reached XP level 12. HP: 71/71 MP: 10/23
 13023 | D:11     | Killed a death yak
 13026 | D:11     | Killed a death yak
 13033 | D:11     | Reached **** piety under Vehumet
 13264 | D:11     | Noticed a two-headed ogre
 13271 | D:11     | Killed a two-headed ogre
 13271 | D:11     | Offered knowledge of Fireball by Vehumet.
 13545 | D:11     | Learned a level 6 spell: Iron Shot
 13551 | D:11     | Learned a level 5 spell: Bolt of Magma
 13759 | D:11     | Noticed Gastronok
 13763 | D:11     | Killed Gastronok
 13764 | D:11     | Reached skill level 1 in Fire Magic
 14254 | D:11     | Noticed a two-headed ogre
 14257 | D:11     | Killed a two-headed ogre
 14738 | D:12     | Found Zoroecol's General Store.
 14931 | D:12     | Bought a scroll of identify for 26 gold pieces
 15298 | D:12     | Learned a level 5 spell: Fireball
 15395 | D:12     | Reached XP level 13. HP: 78/78 MP: 13/25
 15643 | D:13     | Found Moq Xas's Armour Shoppe.
 16227 | D:13     | Noticed a juggernaut
 16228 | D:13     | Noticed a golden dragon
 16228 | D:13     | a juggernaut changed into a golden dragon
 16229 | D:13     | Noticed a shadow dragon
 16229 | D:13     | a golden dragon changed into a shadow dragon
 16232 | D:13     | Noticed a golden dragon
 16232 | D:13     | a shadow dragon changed into a golden dragon
 16233 | D:13     | Noticed an iron dragon
 16233 | D:13     | a golden dragon changed into an iron dragon
 16237 | D:13     | Noticed an iron giant
 16237 | D:13     | an iron dragon changed into an iron giant
 16239 | D:13     | Noticed a frost giant
 16239 | D:13     | an iron giant changed into a frost giant
 16241 | D:13     | Noticed a caustic shrike
 16241 | D:13     | a frost giant changed into a caustic shrike
 16242 | D:13     | Noticed a quicksilver dragon
 16242 | D:13     | a caustic shrike changed into a quicksilver dragon
 16248 | D:13     | Killed a quicksilver dragon
 16249 | D:13     | Reached skill level 11 in Earth Magic
 16325 | D:13     | Found a gate to the Vaults.
 16597 | D:14     | Reached ***** piety under Vehumet
 16746 | D:13     | Reached skill level 5 in Fire Magic
 16780 | D:14     | Noticed an ice dragon
 16784 | D:14     | Killed an ice dragon
 16803 | D:14     | Offered knowledge of Yara's Violent Unravelling by Vehumet.
 16820 | D:14     | Noticed Josephine
 17360 | D:14     | Shot with an arrow by a centaur warrior

Illustrated notes

Levels and vault maps discovered:
D:1:      sevenhm_arrival_forest_fort_small_5, layout_basic,
          hellmonk_ecumenical_altar_leap_of_faith, serial_shops, shop,
          due_unseen_surprise
D:2:      layout_basic, basic_altar, minmay_rat_hole
D:3:      lemuel_castle_with_subvaults [lemuel_castle_interior_carwin_2],
          layout_basic
D:4:      layout_rooms, temple_statues, portal_sewer_entry_f, uniq_duvessa
D:5:      kennysheep_big_flooded_room, layout_loops_ring, lemuel_crystal_altar,
          kennysheep_slug_shrine
D:6:      gammafunk_wand_slinger, layout_loops_ring, old_standard_altar,
          minivault_19, chequers_serial_rivers_micro_c, minmay_lizard_king,
          uniq_sigmund, uniq_menkaure
D:7:      layout_rooms, uniq_pikel, uniq_prince_ribbit1, uniq_crazy_yiuf_cottage
D:8:      layout_cave_pools, nicolae_uskayaw_dance_hall, kennysheep_mini_moat,
          kennysheep_little_box, st_stairs_2, grunt_ministairs_11
D:9:      layout_cave_pools, uniq_psyche
D:10:     layout_long_grid, led_sif_pool, amcnicky_altar_gilded, orc_david_3,
          hangedman_ranch [blue_anna_fruit_fields], uniq_joseph
D:11:     layout_layer_cave, dpeg_lair_monsters, roderic_lattice_a,
          uniq_gastronok
D:12:     layout_irregular_city, serial_shops, shop_coins,
          nicolae_underground_beach
D:13:     layout_long_grid, david_vaults_4, serial_shops, shop
D:14:     layout_rooms, minivault_26, corexii_corridor_pit, kb_rosetta,
          uniq_josephine
Temple:   dpeg_chambers_temple

Skill      XL: |  1  2  3  4  5  6  7  8  9 10 11 12 13 |
---------------+----------------------------------------+-----
Earth Magic    | 4 5 6 7 8 9 10 11 | 11.3
Spellcasting   | 3 4 5 6 7 8 |  8.8
Conjurations   | 1 2 3 4 5 6 7 8 9 |  9.7
Fighting       | 1 2 4 5 6 7 8 |  8.5
Maces & Flails | 1 2 3 4 5 7 |  7.7
Armour         | 1 2 4 5 6 |  6.0
Evocations     | 1 2 3 4 5 6 7 |  7.0
Dodging        | 2 3 4 5 6 |  6.7
Fire Magic     | 3 5 |  5.8
Stealth        | |  2.1
Transmutations | |  0.7

Action                   |  1- 3 |  4- 6 |  7- 9 | 10-12 | 13-15 || total
-------------------------+-------+-------+-------+-------+-------++-------
Melee: Short sword       |   107 |       |       |       |       ||   107
       Falchion          |       |   157 |     2 |       |       ||   159
       Whip              |       |       |   207 |   210 |    18 ||   435
 Cast: Sandblast         |    18 |    47 |    29 |    15 |       ||   109
       Passwall          |     2 |       |       |       |       ||     2
       Lee's Rapid Decon |       |     1 |     7 |    30 |     4 ||    42
       Stone Arrow       |       |     3 |    58 |    84 |       ||   145
       Iron Shot         |       |       |       |    24 |    33 ||    57
       Bolt of Magma     |       |       |       |    15 |    15 ||    30
       Fireball          |       |       |       |       |     5 ||     5
Evoke: Wand              |       |       |     6 |     9 |     4 ||    19
  Use: Scroll            |     1 |     5 |     7 |     8 |     1 ||    22
       Potion            |       |     2 |     2 |       |       ||     4
 Stab: Sleeping          |     1 |     3 |     1 |     1 |       ||     6
Armor: Robe              |    52 |    94 |   105 |   139 |    29 ||   419
Dodge: Dodged            |    72 |   134 |   126 |   191 |    45 ||   568
       Rpst.: Falchion   |       |    45 |       |       |       ||    45

Table legend: (Time is in decaauts)
 A = Elapsed time spent in this place.
 B = Non-inter-level travel time spent in this place.
 C = Inter-level travel time spent in this place.
 D = Time resting spent in this place.
 E = Time spent auto-exploring this place.
 F = Levels seen in this place.
 G = Mean time per level.
                   A        B        C        D        E       F      G
               +--------+--------+--------+--------+--------+-----+--------+
         Total |  17415 |  16779 |    636 |   3525 |   9840 |  15 | 1161.0 |
       Dungeon |  17145 |  16529 |    616 |   3525 |   9591 |  14 | 1224.6 |
        Temple |    269 |    249 |     20 |      0 |    249 |   1 |  269.0 |
               +--------+--------+--------+--------+--------+-----+--------+

Top non-repeatable levels by time:
     D:3: 2629 daAuts
     D:1: 1766 daAuts
    D:11: 1466 daAuts
    D:10: 1440 daAuts
     D:6: 1336 daAuts
    D:13: 1302 daAuts
     D:4: 1211 daAuts
    D:12: 1208 daAuts
     D:2: 1116 daAuts
     D:5: 1007 daAuts
     D:7: 928 daAuts
     D:9: 700 daAuts
     D:8: 609 daAuts
    D:14: 420 daAuts
  Temple: 269 daAuts
